PBL
AMARILLO THUNDERHEADS @ KELOWNA HEAT
09/12/2049
 
TOP OF THE 1ST
Amarillo ThunderHeads batting - Pitching for Kelowna Heat : RHP Chris Ebersole
Pitching: RHP Chris Ebersole
Batting: LHB Carlos Guajardo 0-0: Ball
1-0: Foul Ball, location: 2F
1-1: Called Strike
1-2: Foul Ball, location: 2F
1-2: Ball
2-2: Foul Ball, location: 2F
2-2: Ball
3-2: SINGLE (Flyball, 8LS, EV 96.2 MPH)
Batting: LHB Bill Mahoney 0-0: Ground out 4-3 (Groundball, 34D, EV 108.1 MPH)
Carlos Guajardo to second
Batting: LHB Tony Cisneros 0-0: Called Strike
0-1: Called Strike
0-2: Ball
1-2: SINGLE (Line Drive, 5D, EV 96.2 MPH)
Carlos Guajardo to third
Batting: LHB Thie Hofmann 0-0: Called Strike
0-1: Ball
Pickoff Throw by Catcher to First - Error! E2
Carlos Guajardo scores
Tony Cisneros to second
1-1: Swinging Strike
1-2: Ball
2-2: Strikes out swinging
Batting: LHB Mike Gruszewski 0-0: Foul Ball, location: 2F
0-1: Ball
1-1: Called Strike
1-2: Ball
2-2: Foul Ball, location: 2F
2-2: Hit by Pitch
Batting: RHB Jorge Balderama 0-0: Ball
1-0: Foul Ball, location: 2F
1-1: Foul Ball, location: 2F
1-2: Ball
2-2: Ball
3-2: Foul Ball, location: 2F
3-2: Base on Balls
Tony Cisneros to third
Mike Gruszewski to second
Batting: RHB Jerry Olson 0-0: Called Strike
0-1: Fielders Choice at 2nd, 6-4 (Groundball, 56, EV 85.6 MPH)
Top of the 1st over - 1 run, 2 hits, 1 error, 3 left on base; Amarillo 1 - Kelowna 0
BOTTOM OF THE 1ST
Kelowna Heat batting - Pitching for Amarillo ThunderHeads : RHP Shane Ford
Pitching: RHP Shane Ford
Batting: RHB Mike Storey 0-0: Called Strike
0-1: Ball
1-1: SINGLE (Groundball, 6D, EV 104.4 MPH)
Batting: RHB Soichi Kaneshiro 0-0: Foul Ball, location: 2F
0-1: Foul Ball, location: 2F
0-2: SINGLE (Groundball, 56D, EV 96.2 MPH)
Mike Storey to second
Batting: LHB Billy Lang 0-0: Foul Ball, location: 2F
0-1: Ball
1-1: Called Strike
1-2: Strikes out looking
Batting: LHB Alex Larangho 0-0: Ball
1-0: Called Strike
1-1: Foul Ball, location: 2F
1-2: Ball
2-2: Foul Ball, location: 2F
2-2: Foul Ball, location: 2F
2-2: Foul Ball, location: 2F
2-2: Ball
3-2: Fly out, F8 (Flyball, 8RS, EV 87.5 MPH)
Batting: RHB Sean Gilbert 0-0: Fly out, F9 (Flyball, 9, EV 82.5 MPH)
Bottom of the 1st over - 0 runs, 2 hits, 0 errors, 2 left on base; Amarillo 1 - Kelowna 0
TOP OF THE 2ND
Amarillo ThunderHeads batting - Pitching for Kelowna Heat : RHP Chris Ebersole
Batting: RHB Eddie Vanderjagt 0-0: Foul Ball, location: 2F
0-1: Swinging Strike
0-2: Ball
1-2: Foul Ball, location: 2F
1-2: Foul Ball, location: 2F
1-2: Foul Ball, location: 2F
1-2: Strikes out swinging
Batting: RHB Dennis Underwood 0-0: Ball
1-0: Called Strike
1-1: Ball
2-1: Fly out, F9 (Flyball, 9LMF, EV 83.1 MPH)
Batting: LHB Carlos Guajardo 0-0: Ball
1-0: Called Strike
1-1: Ball
2-1: Foul Ball, location: 2F
2-2: Ball
3-2: Reached on error, E4 (Groundball, 4S, EV 86.2 MPH)
Batting: LHB Bill Mahoney 0-0: Ball
1-0: Swinging Strike
1-1: Foul Ball, location: 2F
1-2: Ball
2-2: Strikes out looking
Top of the 2nd over - 0 runs, 0 hits, 1 error, 1 left on base; Amarillo 1 - Kelowna 0
BOTTOM OF THE 2ND
Kelowna Heat batting - Pitching for Amarillo ThunderHeads : RHP Shane Ford
Batting: LHB Willy Berrios 0-0: DOUBLE (Line Drive, 78D, EV 111.9 MPH)
Batting: LHB Robert Leary 0-0: Swinging Strike
0-1: Swinging Strike
0-2: Foul Ball, location: 2F
0-2: Strikes out swinging
Batting: RHB Glen Limeburner 0-0: Foul Ball, location: 2F
0-1: Swinging Strike
0-2: Ball
1-2: Strikes out swinging
Batting: RHB Joe Nelson 0-0: Ball
1-0: Called Strike
1-1: Ball
2-1: SINGLE (Groundball, 34D, EV 103.8 MPH)
Willy Berrios to third
Runner from 3rd tries for Home, SAFE, throw by RF to home
Batting: RHB Mike Storey 0-0: Ball
1-0: Ball
2-0: Foul Ball, location: 2F
2-1: Foul Ball, location: 2F
2-2: Foul Ball, location: 2F
2-2: Ground out 5-3 (Groundball, 56S, EV 68.8 MPH)
Bottom of the 2nd over - 1 run, 2 hits, 0 errors, 1 left on base; Amarillo 1 - Kelowna 1
TOP OF THE 3RD
Amarillo ThunderHeads batting - Pitching for Kelowna Heat : RHP Chris Ebersole
Batting: LHB Tony Cisneros 0-0: Foul Ball, location: 2F
0-1: Foul Ball, location: 2F
0-2: Ball
1-2: Ball
2-2: Foul Ball, location: 2F
2-2: Foul Ball, location: 2F
2-2: Ground out 4-3 (Groundball, 4M, EV 108.1 MPH)
Batting: LHB Thie Hofmann 0-0: Foul Ball, location: 2F
0-1: Fly out, F9 (Flyball, 9, EV 80.6 MPH)
Batting: LHB Mike Gruszewski 0-0: Ball
1-0: Called Strike
1-1: Reached on error, E5 (Groundball, 6, EV 101.9 MPH)
Batting: RHB Jorge Balderama 0-0: Ball
1-0: Ball
2-0: Ball
3-0: Called Strike
3-1: Foul Ball, location: 2F
3-2: Foul Ball, location: 2F
3-2: Base on Balls
Mike Gruszewski to second
Batting: RHB Jerry Olson 0-0: Called Strike
0-1: Ball
1-1: Fly out, F9 (Flyball, 9, EV 84.4 MPH)
Top of the 3rd over - 0 runs, 0 hits, 1 error, 2 left on base; Amarillo 1 - Kelowna 1
BOTTOM OF THE 3RD
Kelowna Heat batting - Pitching for Amarillo ThunderHeads : RHP Shane Ford
Batting: RHB Soichi Kaneshiro 0-0: Ball
1-0: Ball
2-0: Ground out U3 (Groundball, 23, EV 92.5 MPH)
Batting: LHB Billy Lang 0-0: Foul Ball, location: 2F
0-1: Foul Ball, location: 2F
0-2: Ball
1-2: Ball
2-2: Ball
3-2: Foul Ball, location: 2F
3-2: Foul Ball, location: 2F
3-2: Fly out, F7 (Line Drive, 7, EV 98.8 MPH)
Batting: LHB Alex Larangho 0-0: Ball
1-0: Ball
2-0: Swinging Strike
2-1: Foul Ball, location: 2F
2-2: Foul Ball, location: 2F
2-2: Ball
3-2: SOLO HOME RUN (Flyball, 9D, EV 98.1 MPH), Distance : 389 ft
Batting: RHB Sean Gilbert 0-0: Swinging Strike
0-1: Fly out, F5 (Flyball, 5D, EV 90.6 MPH)
Bottom of the 3rd over - 1 run, 1 hit, 0 errors, 0 left on base; Amarillo 1 - Kelowna 2
TOP OF THE 4TH
Amarillo ThunderHeads batting - Pitching for Kelowna Heat : RHP Chris Ebersole
Batting: RHB Eddie Vanderjagt 0-0: Foul Ball, location: 2F
0-1: Ball
1-1: Called Strike
1-2: Foul Ball, location: 2F
1-2: Strikes out swinging
Batting: RHB Dennis Underwood 0-0: Called Strike
0-1: Foul Ball, location: 2F
0-2: Strikes out swinging
Batting: LHB Carlos Guajardo 0-0: Ball
1-0: Foul Ball, location: 2F
1-1: Swinging Strike
1-2: Foul Ball, location: 2F
1-2: Strikes out swinging
Top of the 4th over - 0 runs, 0 hits, 0 errors, 0 left on base; Amarillo 1 - Kelowna 2
BOTTOM OF THE 4TH
Kelowna Heat batting - Pitching for Amarillo ThunderHeads : RHP Shane Ford
Batting: LHB Willy Berrios 0-0: Ball
1-0: Fly out, F7 (Flyball, 78S, EV 85.0 MPH)
Batting: LHB Robert Leary 0-0: Fly out, F7 (Flyball, 78M, EV 83.1 MPH)
Batting: RHB Glen Limeburner 0-0: Ball
1-0: Called Strike
1-1: Ball
2-1: Fly out, F7 (Flyball, 7LM, EV 91.2 MPH)
Bottom of the 4th over - 0 runs, 0 hits, 0 errors, 0 left on base; Amarillo 1 - Kelowna 2
TOP OF THE 5TH
Amarillo ThunderHeads batting - Pitching for Kelowna Heat : RHP Chris Ebersole
Batting: LHB Bill Mahoney 0-0: Ball
1-0: Called Strike
1-1: Ball
2-1: Foul Ball, location: 2F
2-2: Strikes out swinging
Batting: LHB Tony Cisneros 0-0: Called Strike
0-1: Called Strike
0-2: Ball
1-2: Ball
2-2: Fly out, F8 (Flyball, 8RXD, EV 80.6 MPH)
Batting: LHB Thie Hofmann 0-0: Called Strike
0-1: Ball
1-1: SINGLE (Line Drive, 3D, EV 103.8 MPH)
Batting: LHB Mike Gruszewski 0-0: Called Strike
0-1: Ball
1-1: Ball
2-1: Fly out, F8 (Flyball, 89M, EV 83.8 MPH)
Top of the 5th over - 0 runs, 1 hit, 0 errors, 1 left on base; Amarillo 1 - Kelowna 2
BOTTOM OF THE 5TH
Kelowna Heat batting - Pitching for Amarillo ThunderHeads : RHP Shane Ford
Batting: RHB Joe Nelson 0-0: Called Strike
0-1: Ground out 6-3 (Groundball, 6S, EV 66.9 MPH)
Batting: RHB Mike Storey 0-0: Foul Ball, location: 2F
0-1: Ball
1-1: Called Strike
1-2: Ground out 6-3 (Groundball, 6, EV 78.8 MPH)
Batting: RHB Soichi Kaneshiro 0-0: Called Strike
0-1: Ground out 6-3 (Groundball, 56, EV 105.6 MPH)
Bottom of the 5th over - 0 runs, 0 hits, 0 errors, 0 left on base; Amarillo 1 - Kelowna 2
TOP OF THE 6TH
Amarillo ThunderHeads batting - Pitching for Kelowna Heat : RHP Chris Ebersole
Pitching: RHP Edward Jones
Batting: RHB Eric Camillo 0-0: Ball
1-0: Ball
2-0: Called Strike
2-1: Foul Ball, location: 2F
2-2: SINGLE (Groundball, 56D, EV 105.0 MPH)
Pitching: RHP Sam Burrill
Pinch Hitting: SHB Jose Ramirez 0-0: Ball
1-0: Foul Ball, location: 2F
1-1: Ball
Eric Camillo is caught stealing 2nd base 2-6
2-1: Called Strike
2-2: Strikes out swinging
Batting: RHB Eddie Vanderjagt 0-0: Called Strike
0-1: Ball
1-1: Ball
2-1: Ball
3-1: Fly out, F5 (Popup, 25, EV 90.6 MPH)
Top of the 6th over - 0 runs, 1 hit, 0 errors, 0 left on base; Amarillo 1 - Kelowna 2
BOTTOM OF THE 6TH
Kelowna Heat batting - Pitching for Amarillo ThunderHeads : RHP Shane Ford
Now in LF: Jose Ramirez
Batting: LHB Billy Lang 0-0: Called Strike
0-1: Ball
1-1: Foul Ball, location: 2F
1-2: Ball
2-2: Foul Ball, location: 2F
2-2: Foul Ball, location: 2F
2-2: Ball
3-2: Foul Ball, location: 2F
3-2: SINGLE (Groundball, 3D, EV 97.5 MPH)
Pitching: RHP John Gerdes
Batting: LHB Alex Larangho 0-0: Called Strike
Billy Lang is caught stealing 2nd base 2-6
0-1: Ball
1-1: Ball
2-1: Called Strike
2-2: Ball
3-2: Fly out, F9 (Flyball, 89S, EV 85.6 MPH)
Batting: RHB Sean Gilbert 0-0: Ball
1-0: Foul Ball, location: 2F
1-1: Ball
2-1: SOLO HOME RUN (Flyball, 89XD, EV 105.0 MPH), Distance : 412 ft
Batting: LHB Willy Berrios 0-0: Swinging Strike
0-1: Ball
1-1: Ball
2-1: SINGLE (Line Drive, 7S, EV 96.9 MPH)
Batting: LHB Robert Leary 0-0: Swinging Strike
0-1: Foul Ball, location: 2F
0-2: Ball
1-2: Strikes out swinging
Bottom of the 6th over - 1 run, 3 hits, 0 errors, 1 left on base; Amarillo 1 - Kelowna 3
TOP OF THE 7TH
Amarillo ThunderHeads batting - Pitching for Kelowna Heat : RHP Sam Burrill
Batting: RHB Dennis Underwood 0-0: Ball
1-0: Ball
2-0: Hit by Pitch
Batting: LHB Carlos Guajardo 0-0: Swinging Strike
0-1: Ball
1-1: Ball
2-1: Called Strike
2-2: Foul Ball, location: 2F
2-2: Ball
3-2: Fly out, F4 (Popup, 4, EV 64.4 MPH)
Batting: LHB Bill Mahoney 0-0: Ball
1-0: Ball
2-0: Fly out, F8 (Flyball, 8LS, EV 83.1 MPH)
Batting: LHB Tony Cisneros 0-0: Swinging Strike
0-1: Called Strike
0-2: Ground out 4-3 (Groundball, 34, EV 87.5 MPH)
Top of the 7th over - 0 runs, 0 hits, 0 errors, 1 left on base; Amarillo 1 - Kelowna 3
BOTTOM OF THE 7TH
Kelowna Heat batting - Pitching for Amarillo ThunderHeads : RHP John Gerdes
Batting: RHB Glen Limeburner 0-0: Called Strike
0-1: Foul Ball, location: 2F
0-2: Ball
1-2: Strikes out swinging
Batting: RHB Joe Nelson 0-0: Ball
1-0: Ball
2-0: Foul Ball, location: 2F
2-1: Foul Ball, location: 2F
2-2: Ground out U3 (Groundball, 34, EV 86.2 MPH)
Batting: RHB Mike Storey 0-0: Called Strike
0-1: Foul Ball, location: 2F
0-2: Ball
1-2: Ball
2-2: Foul Ball, location: 2F
2-2: Ball
3-2: SINGLE (Groundball, 15S, EV 68.8 MPH) (infield hit)
Pitching: RHP Trent Murdock
Batting: RHB Soichi Kaneshiro 0-0: Swinging Strike
0-1: Foul Ball, location: 2F
0-2: Ball
1-2: Ball
2-2: Ground out 5-3 (Groundball, 56S, EV 92.5 MPH)
Bottom of the 7th over - 0 runs, 1 hit, 0 errors, 1 left on base; Amarillo 1 - Kelowna 3
TOP OF THE 8TH
Amarillo ThunderHeads batting - Pitching for Kelowna Heat : RHP Sam Burrill
Batting: LHB Thie Hofmann 0-0: Called Strike
0-1: Foul Ball, location: 2F
0-2: Strikes out swinging
Batting: LHB Mike Gruszewski 0-0: Swinging Strike
0-1: Swinging Strike
0-2: Strikes out swinging
Pitching: RHP Wally Dethridge
Batting: RHB Eric Camillo 0-0: Foul Ball, location: 2F
0-1: Called Strike
0-2: Foul Ball, location: 2F
0-2: Ball
1-2: Foul Ball, location: 2F
1-2: Foul Ball, location: 2F
1-2: Foul Ball, location: 2F
1-2: Ground out 5-3 (Groundball, 5, EV 106.2 MPH)
Top of the 8th over - 0 runs, 0 hits, 0 errors, 0 left on base; Amarillo 1 - Kelowna 3
BOTTOM OF THE 8TH
Kelowna Heat batting - Pitching for Amarillo ThunderHeads : RHP Trent Murdock
Batting: LHB Billy Lang 0-0: Ball
1-0: Foul Ball, location: 2F
1-1: Foul Ball, location: 2F
1-2: Ball
2-2: Ball
3-2: Ground out 5-3 (Groundball, 5, EV 80.0 MPH)
Batting: LHB Alex Larangho 0-0: Ball
1-0: Ground out 3-1 (Groundball, 34, EV 100.6 MPH)
Batting: RHB Sean Gilbert 0-0: Ball
1-0: Foul Ball, location: 2F
1-1: Swinging Strike
1-2: Ball
2-2: Strikes out swinging
Bottom of the 8th over - 0 runs, 0 hits, 0 errors, 0 left on base; Amarillo 1 - Kelowna 3
TOP OF THE 9TH
Amarillo ThunderHeads batting - Pitching for Kelowna Heat : RHP Wally Dethridge
Pitching: RHP Carlos Florez
Batting: SHB Jose Ramirez 0-0: Ball
1-0: Called Strike
1-1: Ball
2-1: Foul Ball, location: 2F
2-2: Ball
3-2: Base on Balls
Pinch Hitting: RHB Bill Flannery 0-0: Called Strike
0-1: Ball
1-1: Reached on error, E6 (Groundball, 56, EV 89.4 MPH)
Jose Ramirez to second
Pinch Hitting: RHB Zhong See-to 0-0: Ball
1-0: Bunted foul
1-1: Bunt missed!
1-2: Foul Ball, location: 2F
1-2: SINGLE (Groundball, 4MD, EV 103.8 MPH)
Jose Ramirez to third
Bill Flannery to second
Batting: LHB Carlos Guajardo 0-0: Ball
1-0: Fly out, F4 (Popup, 3DF, EV 44.4 MPH)
Pinch Hitting: RHB Ray Travis 0-0: Ball
1-0: Foul Ball, location: 2F
1-1: Ball
2-1: SINGLE (Line Drive, 8LS, EV 103.8 MPH)
Jose Ramirez scores
Bill Flannery to third
Zhong See-to to second
Runner from 3rd tries for Home, SAFE, throw by CF to home
Batting: LHB Tony Cisneros 0-0: Foul Ball, location: 2F
0-1: Reached on error, E3 (Groundball, 3, EV 104.4 MPH)
Zhong See-to to third
Ray Travis to second
Batting: LHB Thie Hofmann 0-0: Fly out, F9 (Flyball, 9D, EV 91.9 MPH)
Runner from 3rd tags up, SCORES, throw by RF
Ray Travis to third
Batting: LHB Mike Gruszewski 0-0: Called Strike
0-1: Ball
1-1: Swinging Strike
1-2: Strikes out looking
Top of the 9th over - 3 runs, 2 hits, 2 errors, 2 left on base; Amarillo 4 - Kelowna 3
BOTTOM OF THE 9TH
Kelowna Heat batting - Pitching for Amarillo ThunderHeads : RHP Trent Murdock
Pitching: RHP Adam Montag
Now at C: Ovidiu Kober
Now at 1B: Shi-fu Cuan
Now at 3B: Bill Flannery
Now in LF: Zhong See-to
Now in CF: Jose Ramirez
Batting: LHB Willy Berrios 0-0: Called Strike
0-1: SOLO HOME RUN (Flyball, 89XD, EV 103.8 MPH), Distance : 419 ft
Pinch Hitting: RHB Joey Black 0-0: Ball
1-0: Called Strike
1-1: Foul Ball, location: 2F
1-2: Ground out 6-3 (Groundball, 56, EV 81.2 MPH)
Pinch Hitting: SHB Michael Woodard 0-0: Foul Ball, location: 2F
0-1: Ball
1-1: Ground out 6-3 (Groundball, 6M, EV 88.1 MPH)
Pinch Hitting: RHB Jose Sanchez 0-0: Foul Ball, location: 2F
0-1: Ball
1-1: Ball
2-1: Ball
3-1: Reached on error, E6 (Groundball, 6, EV 98.8 MPH)
Batting: RHB Mike Storey 0-0: Intentional Walk
Batting: RHB Soichi Kaneshiro 0-0: Ball
1-0: Ball
2-0: Foul Ball, location: 2F
2-1: Ground out 3-1 (Groundball, 34, EV 108.1 MPH)
Bottom of the 9th over - 1 run, 1 hit, 1 error, 2 left on base; Amarillo 4 - Kelowna 4
TOP OF THE 10TH
Amarillo ThunderHeads batting - Pitching for Kelowna Heat : RHP Carlos Florez
Pitching: RHP Phil Berry
Now at C: Jason Fink
Now at 2B: Michael Woodard
Now in RF: Joey Black
Batting: RHB Eric Camillo 0-0: Ball
1-0: Ball
2-0: Ball
3-0: Called Strike
3-1: Swinging Strike
3-2: Base on Balls
Batting: SHB Jose Ramirez 0-0: Bunted foul
0-1: Bunted foul
0-2: Foul Ball, location: 2F
0-2: Foul Ball, location: 2F
0-2: Strikes out swinging
Batting: RHB Bill Flannery 0-0: Ball
1-0: Ball
2-0: Foul Ball, location: 2F
2-1: Foul Ball, location: 2F
2-2: Foul Ball, location: 2F
2-2: Fielders Choice at 2nd, 4-6 (Groundball, 4, EV 88.1 MPH)
Batting: RHB Zhong See-to 0-0: Ball
1-0: Ball
2-0: Swinging Strike
2-1: Foul Ball, location: 2F
2-2: Ball
3-2: Strikes out swinging
Top of the 10th over - 0 runs, 0 hits, 0 errors, 1 left on base; Amarillo 4 - Kelowna 4
BOTTOM OF THE 10TH
Kelowna Heat batting - Pitching for Amarillo ThunderHeads : RHP Adam Montag
Batting: LHB Billy Lang 0-0: Foul Ball, location: 2F
0-1: Called Strike
0-2: Ball
1-2: Ball
2-2: Ball
3-2: Fly out, F8 (Flyball, 8RM, EV 85.6 MPH)
Batting: LHB Alex Larangho 0-0: Ball
1-0: Swinging Strike
1-1: Foul Ball, location: 2F
1-2: Strikes out looking
Batting: RHB Sean Gilbert 0-0: Called Strike
0-1: Called Strike
0-2: Fly out, F8 (Flyball, 8LM, EV 86.2 MPH)
Bottom of the 10th over - 0 runs, 0 hits, 0 errors, 0 left on base; Amarillo 4 - Kelowna 4
TOP OF THE 11TH
Amarillo ThunderHeads batting - Pitching for Kelowna Heat : RHP Phil Berry
Pitching: RHP Newt Reid
Batting: LHB Carlos Guajardo 0-0: Called Strike
0-1: Foul Ball, location: 2F
0-2: Ball
1-2: Ball
2-2: Foul Ball, location: 2F
2-2: Ball
3-2: Strikes out swinging
Batting: RHB Shi-fu Cuan 0-0: SINGLE (Groundball, 34D, EV 108.8 MPH)
Batting: LHB Tony Cisneros 0-0: Ball
1-0: Ball
2-0: Ball
3-0: Called Strike
3-1: Foul Ball, location: 2F
3-2: Ground out 4-3 (Groundball, 34S, EV 89.4 MPH)
Shi-fu Cuan to second
Pinch Hitting: RHB Adrian Quilantan 0-0: Called Strike
0-1: Foul Ball, location: 2F
0-2: Ball
1-2: DOUBLE (Groundball, 5L, EV 109.4 MPH)
Shi-fu Cuan scores
Batting: LHB Mike Gruszewski 0-0: Called Strike
0-1: Fly out, F8 (Flyball, 8LD, EV 101.9 MPH)
Top of the 11th over - 1 run, 2 hits, 0 errors, 1 left on base; Amarillo 5 - Kelowna 4
BOTTOM OF THE 11TH
Kelowna Heat batting - Pitching for Amarillo ThunderHeads : RHP Adam Montag
Now at C: Nick Hernandes
Batting: LHB Willy Berrios 0-0: Ball
1-0: Foul Ball, location: 2F
1-1: Called Strike
1-2: Ball
2-2: Ball
3-2: Base on Balls
Batting: RHB Joey Black 0-0: Ball
1-0: Swinging Strike
1-1: Ball
2-1: Swinging Strike
2-2: Fielders Choice at 2nd, 4-6 (Groundball, 34, EV 81.9 MPH)
Pitching: RHP Neil Coutee
Batting: SHB Michael Woodard 0-0: Ball
1-0: SINGLE (Groundball, 4, EV 97.5 MPH)
Joey Black to second
Runner from 2nd tries for 3rd, SAFE, throw by CF made to third
Pinch Hitting: LHB Ricardo Torres 0-0: Ball
1-0: Called Strike
1-1: Ball
2-1: Fly out, F7 (Flyball, 7LM, EV 99.4 MPH)
Runner from 3rd tags up, SCORES, no throw by LF
Batting: RHB Mike Storey 0-0: Ball
1-0: Foul Ball, location: 2F
1-1: Foul Ball, location: 2F
1-2: Ball
2-2: Fielders Choice at 2nd, 5-4 (Groundball, 56, EV 80.0 MPH)
Bottom of the 11th over - 1 run, 1 hit, 0 errors, 1 left on base; Amarillo 5 - Kelowna 5
TOP OF THE 12TH
Amarillo ThunderHeads batting - Pitching for Kelowna Heat : RHP Newt Reid
Now at C: Ricardo Torres
Batting: RHB Eric Camillo 0-0: Called Strike
0-1: Ball
1-1: Foul Ball, location: 2F
1-2: Ball
2-2: Foul Ball, location: 2F
2-2: Foul Ball, location: 2F
2-2: Ball
3-2: Foul Ball, location: 2F
3-2: Foul Ball, location: 2F
3-2: Fly out, F5 (Line Drive, 5L, EV 66.9 MPH)
Pitching: RHP Jerry Schlaak
Batting: SHB Jose Ramirez 0-0: Ball
1-0: SINGLE (Groundball, 34D, EV 96.9 MPH)
Batting: RHB Bill Flannery 0-0: Ball
Jose Ramirez is caught stealing 2nd base 2-4
1-0: Ball
2-0: Called Strike
2-1: Swinging Strike
2-2: Strikes out swinging
Top of the 12th over - 0 runs, 1 hit, 0 errors, 0 left on base; Amarillo 5 - Kelowna 5
BOTTOM OF THE 12TH
Kelowna Heat batting - Pitching for Amarillo ThunderHeads : RHP Neil Coutee
Batting: RHB Soichi Kaneshiro 0-0: Ball
1-0: Called Strike
1-1: Called Strike
1-2: Ball
2-2: Foul Ball, location: 2F
2-2: Strikes out swinging
Batting: LHB Billy Lang 0-0: Ball
1-0: Ball
2-0: Foul Ball, location: 2F
2-1: SINGLE (Groundball, 4D, EV 95.6 MPH)
Batting: LHB Alex Larangho 0-0: Fly out, F2 (Popup, 2RF, EV 92.5 MPH)
Batting: RHB Sean Gilbert 0-0: Foul Ball, location: 2F
0-1: Ball
1-1: Called Strike
1-2: Strikes out swinging
Bottom of the 12th over - 0 runs, 1 hit, 0 errors, 1 left on base; Amarillo 5 - Kelowna 5
TOP OF THE 13TH
Amarillo ThunderHeads batting - Pitching for Kelowna Heat : RHP Jerry Schlaak
Batting: RHB Zhong See-to 0-0: Called Strike
0-1: Called Strike
0-2: Strikes out looking
Batting: LHB Carlos Guajardo 0-0: Ball
1-0: Ball
2-0: Swinging Strike
2-1: Foul Ball, location: 2F
2-2: Ball
3-2: Base on Balls
Batting: RHB Shi-fu Cuan 0-0: Ball
1-0: Called Strike
1-1: Ball
Carlos Guajardo steals 2nd base
2-1: Foul Ball, location: 2F
2-2: Ball
3-2: Fly out, F9 (Line Drive, 9, EV 97.5 MPH)
Batting: LHB Tony Cisneros 0-0: Intentional Walk
Batting: RHB Nick Hernandes 0-0: Fly out, F7 (Flyball, 78XD, EV 86.9 MPH)
Top of the 13th over - 0 runs, 0 hits, 0 errors, 2 left on base; Amarillo 5 - Kelowna 5
BOTTOM OF THE 13TH
Kelowna Heat batting - Pitching for Amarillo ThunderHeads : RHP Neil Coutee
Batting: LHB Willy Berrios 0-0: Called Strike
0-1: Ball
1-1: Ball
2-1: Swinging Strike
2-2: Foul Ball, location: 2F
2-2: Ball
3-2: Foul Ball, location: 2F
3-2: Strikes out swinging
Batting: RHB Joey Black 0-0: Ball
1-0: Called Strike
1-1: Foul Ball, location: 2F
1-2: Fly out, F8 (Line Drive, 8RM, EV 93.1 MPH)
Batting: SHB Michael Woodard 0-0: Ground out 4-3 (Groundball, 4M, EV 91.2 MPH)
Bottom of the 13th over - 0 runs, 0 hits, 0 errors, 0 left on base; Amarillo 5 - Kelowna 5
TOP OF THE 14TH
Amarillo ThunderHeads batting - Pitching for Kelowna Heat : RHP Jerry Schlaak
Batting: LHB Mike Gruszewski 0-0: Ball
1-0: SINGLE (Groundball, 3S, EV 67.5 MPH) (infield hit)
Batting: RHB Eric Camillo 0-0: Ball
1-0: Called Strike
1-1: Foul Ball, location: 2F
1-2: Ball
2-2: Strikes out swinging
Pitching: RHP Matt Gibson
Batting: SHB Jose Ramirez 0-0: Foul Ball, location: 2F
0-1: Ground out 5-3 (Groundball, 56, EV 105.0 MPH)
Mike Gruszewski to second
Batting: RHB Bill Flannery 0-0: Intentional Walk
Batting: RHB Zhong See-to 0-0: Fly out, F8 (Flyball, 8RD, EV 87.5 MPH)
Top of the 14th over - 0 runs, 1 hit, 0 errors, 2 left on base; Amarillo 5 - Kelowna 5
BOTTOM OF THE 14TH
Kelowna Heat batting - Pitching for Amarillo ThunderHeads : RHP Neil Coutee
Pitching: LHP Ruben Lopez
Batting: LHB Ricardo Torres 0-0: SINGLE (Groundball, 34D, EV 107.5 MPH)
Pitching: RHP Javier Chavez
Batting: RHB Mike Storey 0-0: Foul Ball, location: 2F
0-1: Called Strike
0-2: Ball
1-2: Foul Ball, location: 2F
1-2: Ball
2-2: Ball
3-2: SINGLE (Groundball, 4MD, EV 101.9 MPH)
Ricardo Torres to second
Batting: RHB Soichi Kaneshiro 0-0: Ball
1-0: Called Strike
1-1: Ball
2-1: SINGLE (Line Drive, 4M, EV 98.1 MPH)
Ricardo Torres to third
Mike Storey to second
Batting: LHB Billy Lang 0-0: Swinging Strike
0-1: Ball
1-1: Ball
2-1: Foul Ball, location: 2F
2-2: Ball
3-2: Fly out, F9 (Flyball, 9D, EV 100.6 MPH)
Runner from 3rd tags up, SCORES, throw by RF
Bottom of the 14th over - 1 run, 3 hits, 0 errors, 2 left on base; Amarillo 5 - Kelowna 6
Sunday, July 16th , 2023 - OOTP Baseball 24.6 Build 69